 Dungeon Crawl Stone Soup version 0.17-a0-1642-gd4b747b (webtiles) character file.

117 maniek23 the Shield-Bearer (level 4, -1/41 HPs)
             Began as a Minotaur Fighter on Aug 8, 2015.
             Was an Initiate of Ru.
             Slain by a gnoll (4 damage)
             ... on level 3 of the Dungeon.
             The game lasted 00:03:33 (1757 turns).

maniek23 the Shield-Bearer (Minotaur Fighter)       Turns: 1757, Time: 00:03:33

Health: -1/41      AC:  7    Str: 21    XL:     4   Next: 71%
Magic:  3/3        EV:  8    Int:  5    God:    Ru [......]
Gold:   129        SH:  9    Dex: 10    Spells: 0 memorised, 3 levels left

rFire  . . .     SeeInvis .     a - +0 long sword
rCold  . . .     Clarity  .     b - +0 scale mail
rNeg   . . .     SustAt   .     c - +0 shield
rPois  .         Gourm    .     (helmet restricted)
rElec  .         Spirit   .     (no cloak)
rCorr  .         Warding  .     (no gloves)
rMut   .         Stasis   .     (no boots)
MR     .....                    (no amulet)
Stlth  ..........               (no ring)
                                (no ring)

@: not resistant to hostile enchantments, extremely unstealthy
A: retaliatory headbutt, horns 2
a: Renounce Religion


You were on level 3 of the Dungeon.
You worshipped Ru.
Ru was noncommittal.
You were hungry.

You visited 1 branch of the dungeon, and saw 3 of its levels.

You collected 129 gold pieces.

Inventory:

Hand weapons
 a - a +0 long sword (weapon)
Missiles
 t - 6 javelins (quivered)
Armour
 b - a +0 scale mail (worn)
 c - a +0 shield (worn)
Magical staves
 u - an uncursed staff of death
Scrolls
 g - 3 scrolls of remove curse {unknown}
 j - a scroll of magic mapping {unknown}
 k - a scroll of fog {unknown}
 l - 2 scrolls of enchant weapon {unknown}
 n - a scroll of teleportation {unknown}
 o - a scroll of random uselessness {unknown}
 p - 3 scrolls of identify {unknown}
 r - 2 scrolls of immolation {unknown}
Potions
 d - a potion of might
 f - a potion of heal wounds {unknown}
 h - a potion of agility {unknown}
 i - a potion of invisibility {unknown}
 m - 2 potions of curing {unknown}
Comestibles
 e - 3 bread rations
 q - a beef jerky
 s - 2 chunks of flesh


   Skills:
 + Level 4.5 Fighting
 + Level 3.1 Long Blades
 + Level 4.4 Armour
 + Level 1.0 Dodging
 + Level 4.7 Shields


You had 3 spell levels left.
You didn't know any spells.

Dungeon Overview and Level Annotations

Branches:
Dungeon (3/15)

Altars:
Dithmenos
Okawaru
Ru
The Shining One


Innate Abilities, Weirdness & Mutations

You reflexively headbutt those who attack you in melee.
You have a pair of horns on your head.


Message History

You hit the gnoll.
The gnoll is lightly wounded.
The gnoll hits you!
* * * LOW HITPOINT WARNING * * *
You are too injured to fight recklessly!
You hit the gnoll.
The gnoll is moderately wounded.
The gnoll barely misses you.
Your shield and scale mail prevent you from hitting the gnoll.
The gnoll is moderately wounded.
The gnoll hits you.
* * * LOW HITPOINT WARNING * * *
The gnoll hits you but does no damage.
There is an open door here.
The gnoll hits you.
* * * LOW HITPOINT WARNING * * *
You hit the gnoll but do no damage. Your headbutt misses the gnoll.
The gnoll is moderately wounded.
You block the gnoll's attack. The gnoll hits you.
You die...

##..##.## #......# #..##...##
#......# ###.##.....## #......#
#...#.......### #......#
#...#..._...#.######......####
#...#.......#.............'..)
#...##.....##......#......####
#....##...##.......+..........
#.....#####..@g....#......####
###.### ###.#############... #.#
##.### #... #.# #....# ### #...
###.########....#####.# #...
#.........##....#.....#####...
###..>............'.........'...
#...........#.....#...#.#####...
#...........#..[..#...#.# ####


You could see a gnoll.

Vanquished Creatures
  6 adders
  2 gnolls (D:3)
  4 giant cockroaches
  4 goblins
  7 hobgoblins
  2 jackals (D:2)
  6 kobolds
  6 bats
  3 giant newts
  8 rats
48 creatures vanquished.

Notes
Turn   | Place    | Note
--------------------------------------------------------------
     0 | D:1      | maniek23 the Minotaur Fighter began the quest for the Orb.
     0 | D:1      | Reached XP level 1. HP: 19/19 MP: 0/0
    99 | D:1      | Reached XP level 2. HP: 24/27 MP: 1/1
   194 | D:1      | Reached skill level 4 in Fighting
   754 | D:2      | Reached XP level 3. HP: 30/33 MP: 2/2
   782 | D:2      | Found a shadowy altar of Dithmenos.
   915 | D:2      | Found a glowing golden altar of the Shining One.
  1146 | D:2      | Found an iron altar of Okawaru.
  1449 | D:3      | Reached XP level 4. HP: 36/40 MP: 3/3
  1543 | D:3      | Found a sacrificial altar of Ru.
  1598 | D:3      | Became a worshipper of Ru the Awakened
  1729 | D:3      | Reached skill level 1 in Dodging
  1746 | D:3      | HP: 1/41 [gnoll (4)]
  1757 | D:3      | Slain by a gnoll

Vault maps used:
D:1:      enne_arrival_octagon_isle
D:2:      overflow_temple_1_default, lemuel_coloured_pillars_altar,
          lemuel_crystal_altar
D:3:      lemuel_round_altar, first_bread, hangedman_decor_diamond_cutter

Action                   |  1- 3 |  4- 6 || total
-------------------------+-------+-------++-------
Melee: Long sword        |    78 |    34 ||   112
  Eat: Chunk             |     1 |     1 ||     2
